 Dungeon Crawl Stone Soup version 0.23.2-33-g5129a83184 (webtiles) character file.

Game seed: 6183762539533852091

84 FishyPogo the Conjurer (level 4, -5/25 HPs)
             Began as a Deep Elf Conjurer on July 23, 2019.
             Slain by a gnoll
             ... wielding a +0 halberd
              (18 damage)
             ... on level 2 of the Dungeon.
             The game lasted 00:13:50 (1900 turns).

FishyPogo the Conjurer (Deep Elf Conjurer)          Turns: 1900, Time: 00:13:51

Health: -5/25      AC:  2    Str:  5    XL:     4   Next: 23%
Magic:  3/12       EV: 13    Int: 21    God:
Gold:   79         SH:  0    Dex: 15    Spells: 10/11 levels left

rFire    + . .     SeeInvis .   b - +0 short sword
rCold    . . .     Gourm    .   (no shield)
rNeg     . . .     Faith    .   a - +0 robe
rPois    .         Spirit   .   (no helmet)
rElec    .         Reflect  .   (no cloak)
rCorr    .         Harm     .   (no gloves)
MR       .....                  (no boots)
Stlth    ++........             (no amulet)
HPRegen  0.08/turn              f - ring of protection from fire
MPRegen  0.13/turn              (no ring)

@: no status effects
A: no striking features
a: no special abilities


You were on level 2 of the Dungeon.
You were hungry.

You visited 1 branch of the dungeon, and saw 2 of its levels.

You collected 79 gold pieces.

Inventory:

Hand Weapons
 b - a +0 short sword (weapon)
 d - a +0 dagger
 g - a +0 hand axe
Missiles
 e - 92 stones (quivered)
 o - 33 arrows
Armour
 a - a +0 robe (worn)
Jewellery
 f - a ring of protection from fire (left hand)
Scrolls
 j - 2 scrolls of identify {unknown}
 l - a scroll of fog {unknown}
Potions
 h - a potion of heal wounds {unknown}
 i - a potion of curing {unknown}
 m - a potion of ambrosia {unknown}
 p - a potion of magic {unknown}
Comestibles
 c - 4 rations


   Skills:
 + Level 1.0 Fighting
 + Level 1.1 Short Blades
 + Level 3.0 Dodging
 + Level 3.1 Stealth
 * Level 4.1 Spellcasting
 + Level 4.8 Conjurations


You had 10 spell levels left.
You knew the following spells:

 Your Spells              Type           Power        Failure   Level  Hunger
a - Magic Dart            Conj           ###.         1%          1    None

Your spell library contained the following spells:

 Spells                   Type           Power        Failure   Level  Hunger
 Searing Ray              Conj           ###...       2%          2    #......
 Confusing Touch          Hex            #.....       12%         1    None
 Dazzling Spray           Conj/Hex       ##....       13%         3    ###....
 Iskenderun's Mystic Bla  Conj           ###.....     16%         4    ####...
 Confuse                  Hex            #.......     34%         3    ###....
 Gell's Gravitas          Tloc           #.........   34%         3    ###....
 Force Lance              Conj/Tloc      ##......     41%         4    ####...
 Fulminant Prism          Conj/Hex       ##........   41%         4    ####...
 Petrify                  Tmut/Erth      #.......     75%         4    ####...
 Metabolic Englaciation   Hex/Ice        #.........   97%         5    ######.
 Yara's Violent Unravell  Hex/Tmut       #.........   97%         5    ######.


Dungeon Overview and Level Annotations

Branches:
Dungeon (2/15)

Altars:


Message History

The magic dart hits the gnoll but does no damage.
The gnoll is moderately wounded.
Casting: Magic Dart (safe; 1% risk of failure)
Confirm with . or Enter, or press ? or * to list all spells.
Aiming: Magic Dart (safe; 1% risk of failure)
Press: ? - help, Shift-Dir - straight line, f/p - gnoll
Aim: a gnoll, wielding a +0 halberd (moderately wounded)
The magic dart hits the gnoll.
The gnoll is heavily wounded.
The gnoll hits you from afar with a +0 halberd!
Casting: Magic Dart (safe; 1% risk of failure)
Confirm with . or Enter, or press ? or * to list all spells.
Aiming: Magic Dart (safe; 1% risk of failure)
Press: ? - help, Shift-Dir - straight line, f/p - gnoll
Aim: a gnoll, wielding a +0 halberd (heavily wounded)
The magic dart hits the gnoll.
The gnoll is severely wounded.
The gnoll hits you from afar with a +0 halberd!!
Ouch! That really hurt!
You die...

........................#####.#
...................)....# #.#
........................# #.#
##.............####...#.# #.#
####(.................#.# #.#
.........##......##...#.#####.###
..........#...g..##...#..........
.....gg...#..........>#######.##.
..............).@......... ...##.
.....†................##########.
.....g##..............#.#.....##.
.....## .............<#.#.###.##.
.###.# ..................# #.##.
. #.# .........#.#.##### #.##. .
..# .........#.#... #.##. . ..
.........#.#### #.##. .
.......#.# #.##.


You could see a gnoll.

Vanquished Creatures
  3 adders (D:2)
  2 gnolls
  2 dart slugs
  A giant cockroach (D:1)
  5 goblins
  2 hobgoblins
  10 kobolds
  2 quokkas (D:2)
  4 bats
  3 frilled lizards (D:2)
  2 rats (D:1)
36 creatures vanquished.

Notes
Turn   | Place    | Note
-------+----------+-------------------------------------------
     0 | D:1      | FishyPogo the Deep Elf Conjurer began the quest for the
                  | Orb.
     0 | D:1      | Reached XP level 1. HP: 10/10 MP: 6/6
   629 | D:1      | Reached XP level 2. HP: 16/16 MP: 2/8
  1103 | D:2      | Reached XP level 3. HP: 20/20 MP: 8/10
  1428 | D:2      | Reached XP level 4. HP: 24/24 MP: 6/12
  1513 | D:2      | Reached skill level 1 in Short Blades
  1884 | D:2      | Reached skill level 1 in Fighting
  1900 | D:2      | Slain by a gnoll

Skill      XL: |  1  2  3  4 |
---------------+-------------+-----
Stealth        | 3 |  3.1
Spellcasting   | 4 |  4.1
Dodging        | 3 |  3.0
Short Blades   | 1 |  1.1
Fighting       | 1 |  1.0
Conjurations   | |  4.8

Action                   |  1- 3 |  4- 6 || total
-------------------------+-------+-------++-------
Melee: Short sword       |    33 |       ||    33
 Cast: Magic Dart        |    54 |    27 ||    81
  Use: Scroll            |     1 |     1 ||     2
  Eat: Chunk             |     1 |     1 ||     2
Armor: Robe              |     9 |     2 ||    11
Dodge: Dodged            |    30 |     5 ||    35
